[Event "Titled Tuesday Blitz December 13 Early 2022"]
[White "Timofeev, Artyom"]
[Black "Sarana, Alexey"]
[WhiteFideId "4140419"]
[BlackFideId "24133795"]
[WhiteElo "2586"]
[BlackElo "2708"]
[Result "1/2-1/2"]
[Round "06"]
[TimeControl "180+1"]
[Date "2022.12.13"]
[WhiteClock "0:00:42"]
[BlackClock "0:00:47"]

1. d4 Nf6 2. Nc3 d5 3. Bf4 e6 4. e3 Bb4 5. Bd3 c5 6. dxc5 Qa5 7. Ne2 Nbd7 8. O-O Nxc5 9. a3 Bxc3 10. Nxc3 Nxd3 11. cxd3 O-O 12. b4 Qa6 13. a4 Bd7 14. b5 Qa5 15. Qb3 Rfc8 16. Rfc1 Be8 17. Bd6 Nd7 18. Bb4 Qd8 19. Ne2 a6 20. Nd4 Ne5 21. h3 h6 22. Kh1 Qh4 23. Kg1 Qd8 24. Kh1 Qf6 25. Kg1 Qg6 26. Rxc8 Rxc8 27. Rd1 axb5 28. axb5 Qh5 29. Ba3 Rc3 30. Qxc3 Qxd1+ 31. Kh2 Qxd3 32. Qc8 Qxa3 33. Qxe8+ Kh7 34. Qb8 Nd3 35. Qxb7 Qd6+ 36. Kg1 e5 37. Nf3 e4 38. Nd4 Qf6 39. Qxd5 Qxf2+ 40. Kh2 Qxe3 41. Qf5+ Kg8 42. Qc8+ Kh7 43. Qf5+ Kg8 44. Qc8+ Kh7 45. Qf5+ 1/2-1/2


[Site "https://www.chess.com"]

[Event "Titled Tuesday Blitz December 13 Early 2022"]
[White "Torres Boch, Jose Francisco"]
[Black "Crevatin, Leo"]
[WhiteFideId "2278383"]
[BlackFideId "1726307"]
[WhiteElo "2073"]
[BlackElo "2190"]
[Result "0-1"]
[Round "06"]
[TimeControl "180+1"]
[Date "2022.12.14"]
[WhiteClock "0:00:05"]
[BlackClock "0:01:09"]

1. e4 c5 2. Nf3 d6 3. d4 cxd4 4. Nxd4 Nf6 5. Nc3 Nc6 6. Bg5 e6 7. Qd2 a6 8. O-O-O Bd7 9. f4 Be7 10. Nf3 b5 11. a3 h6 12. Bxf6 gxf6 13. g3 b4 14. axb4 Nxb4 15. Nd5 Nxd5 16. exd5 e5 17. Bd3 a5 18. Qe2 a4 19. Bb5 a3 20. bxa3 Rxa3 21. Bxd7+ Qxd7 22. Rhf1 Qa4 23. Rd3 Ra1+ 24. Kd2 Rxf1 25. Qxf1 e4 26. Re3 exf3 27. Qxf3 Qa7 28. Qg4 Kf8 29. Qc8+ Kg7 30. Qg4+ Kh7 31. Qf5+ Kg8 32. Qg4+ Kf8 33. Qc8+ Bd8 0-1


[Site "https://www.chess.com"]

[Event "Titled Tuesday Blitz December 13 Early 2022"]
[White "Tsatsalashvili, Keti"]
[Black "Vlassov, Nikolai"]
[WhiteFideId "13603434"]
[BlackFideId "4103360"]
[WhiteElo "2220"]
[BlackElo "2324"]
[Result "0-1"]
[Round "06"]
[TimeControl "180+1"]
[Date "2022.12.14"]
[WhiteClock "0:00:42"]
[BlackClock "0:00:41"]

1. d4 Nf6 2. Nf3 e6 3. c4 Nc6 4. Nc3 Bb4 5. Bd2 O-O 6. d5 exd5 7. cxd5 Ne7 8. a3 Bxc3 9. Bxc3 Nexd5 10. Bd2 Ne4 11. e3 Ndf6 12. Bd3 d5 13. h3 Bf5 14. Qe2 Nxd2 15. Qxd2 Bxd3 16. Qxd3 Qe7 17. O-O c5 18. Rfd1 Rfd8 19. Rac1 Rac8 20. Qf5 h6 21. Ne5 Qe6 22. Qxe6 fxe6 23. f3 Nd7 24. Nxd7 Rxd7 25. Rd3 Kf7 26. b3 b5 27. a4 c4 28. bxc4 bxc4 29. Rd2 c3 30. Rd3 Rdc7 31. Rc2 Rc5 32. Kf1 e5 33. Ke2 Ke6 34. g4 Rc4 35. h4 d4 36. a5 Kd5 37. exd4 exd4 38. Kd1 Ra4 39. Re2 Ra1+ 40. Kc2 Ra2+ 41. Kd1 Rxe2 42. Kxe2 c2 0-1


[Site "https://www.chess.com"]

[Event "Titled Tuesday Blitz December 13 Early 2022"]
[White "Turzo, Attila"]
[Black "Shipov, Sergei"]
[WhiteFideId "704954"]
[BlackFideId "4113624"]
[WhiteElo "2575"]
[BlackElo "2776"]
[Result "0-1"]
[Round "06"]
[TimeControl "180+1"]
[Date "2022.12.14"]
[WhiteClock "0:00:58"]
[BlackClock "0:01:32"]

1. d4 Nf6 2. c4 c5 3. d5 b5 4. cxb5 a6 5. bxa6 g6 6. Nc3 d6 7. e4 Bg7 8. Nf3 Qa5 9. Bd2 Bxa6 10. Bxa6 Qxa6 11. Qe2 O-O 12. Qxa6 Nxa6 13. Ke2 Rfb8 14. Rab1 Nd7 15. b3 Nb4 16. a4 f5 17. exf5 Bxc3 18. Bxc3 Nxd5 19. Bd2 gxf5 20. Ng5 Rb7 21. Kd3 Ne5+ 22. Kc2 c4 23. a5 c3 24. Bc1 Rxa5 0-1


[Site "https://www.chess.com"]

[Event "Titled Tuesday Blitz December 13 Early 2022"]
[White "Tymrakiewicz, Rafal"]
[Black "Iskusnyh, Sergei"]
[WhiteFideId "1108832"]
[BlackFideId "4120027"]
[WhiteElo "2139"]
[BlackElo "2492"]
[Result "0-1"]
[Round "06"]
[TimeControl "180+1"]
[Date "2022.12.14"]
[WhiteClock "0:00:10"]
[BlackClock "0:00:38"]

1. d4 d5 2. Bg5 h6 3. Bf4 Nf6 4. e3 c5 5. c3 Nc6 6. Nd2 cxd4 7. exd4 Bg4 8. Qb3 Na5 9. Qa4+ Bd7 10. Qc2 Rc8 11. Ngf3 e6 12. Ne5 Nc6 13. Nxd7 Qxd7 14. Qb3 Bd6 15. Bg3 O-O 16. Be2 Na5 17. Qb5 Qxb5 18. Bxb5 Bxg3 19. hxg3 a6 20. Bd3 Nd7 21. g4 Rfe8 22. O-O Nb6 23. Rfe1 Na4 24. Rab1 b5 25. f4 Rb8 26. a3 Nc4 27. Nxc4 bxc4 28. Bc2 Nxb2 29. Re2 Nd3 30. Re3 Rxb1+ 31. Bxb1 Nxf4 32. Kf2 Rb8 33. g3 Rxb1 34. gxf4 Rb3 35. Ke2 Rxa3 36. Kd2 Ra2+ 37. Kc1 Rf2 38. f5 exf5 39. gxf5 Rxf5 40. Kb2 g5 41. Ka3 h5 42. Kb4 h4 43. Kc5 g4 0-1


[Site "https://www.chess.com"]

[Event "Titled Tuesday Blitz December 13 Early 2022"]
[White "Valle Maytin, Luis Enrique"]
[Black "Badelka, Olga"]
[WhiteFideId "3503666"]
[BlackFideId "13509926"]
[WhiteElo "2225"]
[BlackElo "2337"]
[Result "1-0"]
[Round "06"]
[TimeControl "180+1"]
[Date "2022.12.14"]
[WhiteClock "0:00:31"]
[BlackClock "0:00:02"]

1. e4 e5 2. Nf3 Nc6 3. Bb5 Nf6 4. O-O Nxe4 5. d4 Nd6 6. Bxc6 dxc6 7. dxe5 Nf5 8. Qe2 Nd4 9. Nxd4 Qxd4 10. Rd1 Qh4 11. Nc3 Bg4 12. f3 Be6 13. Be3 Be7 14. Rd4 Qh5 15. Bf2 O-O 16. Rf1 Rfd8 17. Rfd1 Rxd4 18. Bxd4 Rd8 19. Ne4 b6 20. b3 c5 21. Bc3 Rxd1+ 22. Qxd1 h6 23. a4 a5 24. Qd3 Qh4 25. Qb5 Kh7 26. Qc6 Bf5 27. Ng3 Bxc2 28. Qxc7 Bg5 29. Qxf7 Be3+ 30. Kh1 Bf4 31. e6 Qg5 32. e7 Bxg3 33. hxg3 Qxg3 34. e8=Q 1-0


[Site "https://www.chess.com"]

[Event "Titled Tuesday Blitz December 13 Early 2022"]
[White "Vargas, Mauricio"]
[Black "Liu, Casper"]
[WhiteFideId "4404572"]
[BlackFideId "1454153"]
[WhiteElo "2025"]
[BlackElo "2217"]
[Result "0-1"]
[Round "06"]
[TimeControl "180+1"]
[Date "2022.12.14"]
[WhiteClock "0:00:06"]
[BlackClock "0:02:44"]

1. e4 Nc6 2. Nc3 Nf6 3. f4 e5 4. Nf3 d5 5. fxe5 Nxe4 6. Bb5 Be7 7. Nxe4 dxe4 8. Kf1 exf3 9. Qxf3 O-O 10. h3 Nd4 11. Qd3 Bf5 12. Qc4 a6 13. Ba4 b5 0-1


[Site "https://www.chess.com"]

[Event "Titled Tuesday Blitz December 13 Early 2022"]
[White "Vega Gutierrez, Sabrina"]
[Black "Sanchez, Robert"]
[WhiteFideId "2219026"]
[BlackFideId "2034360"]
[WhiteElo "2261"]
[BlackElo "2348"]
[Result "0-1"]
[Round "06"]
[TimeControl "180+1"]
[Date "2022.12.14"]
[WhiteClock "0:01:18"]
[BlackClock "0:01:40"]

1. e4 d5 2. exd5 Qxd5 3. Nf3 Nc6 4. d4 e5 5. Nc3 Bb4 6. Bd2 Bxc3 7. Bxc3 e4 8. Ne5 Nxe5 9. dxe5 Qxd1+ 10. Rxd1 Ne7 11. Bb5+ c6 12. Be2 Nd5 13. Bd4 O-O 14. g3 Bh3 15. c4 Nb6 16. Kd2 Rfe8 17. Ke3 Nd7 18. Kxe4 Bg2+ 19. Bf3 Bxh1 20. Bxh1 Rad8 21. f4 c5 0-1


[Site "https://www.chess.com"]

[Event "Titled Tuesday Blitz December 13 Early 2022"]
[White "Vifleemskaia, Svetlana"]
[Black "Estrada Nieto, Julian"]
[WhiteFideId "4129490"]
[BlackFideId "5101018"]
[WhiteElo "1930"]
[BlackElo "2195"]
[Result "0-1"]
[Round "06"]
[TimeControl "180+1"]
[Date "2022.12.14"]
[WhiteClock "0:00:02"]
[BlackClock "0:00:12"]

1. d4 d5 2. c4 dxc4 3. Nf3 Nf6 4. e3 e6 5. Bxc4 a6 6. Nc3 b5 7. Bb3 Bb7 8. O-O Nbd7 9. Qe2 c5 10. Rd1 Qb6 11. e4 cxd4 12. Nxd4 Bc5 13. Be3 Ne5 14. Nc2 Bxe3 15. Nxe3 O-O 16. f3 Rfd8 17. Kh1 h6 18. h3 Nh5 19. Kh2 Nf4 20. Qf2 Ned3 21. Qd2 Nxb2 22. Qxb2 Qxe3 23. Re1 Qd2 24. Qxd2 Rxd2 25. Rg1 Rc8 26. Nd1 a5 27. Ne3 a4 28. Bd1 Rc3 29. Re1 Nd3 30. Re2 Rxe2 31. Bxe2 Nf4 32. Nd1 Rc2 33. Bf1 b4 34. Rb1 Rxa2 35. Rxb4 Bc6 36. Rb6 Ra1 37. Ne3 Re1 38. Rxc6 Rxe3 39. Rc8+ Kh7 40. Ra8 a3 41. Kg3 g5 42. Kf2 Rb3 43. g3 Nd3+ 44. Ke2 Ne5 45. f4 gxf4 46. gxf4 Ng6 47. Ra7 Kg7 48. f5 Nf4+ 49. Kd2 exf5 50. exf5 Nxh3 51. Bxh3 Rxh3 52. Ra6 h5 53. Ke2 h4 54. Kf2 Rg3 0-1


[Site "https://www.chess.com"]

[Event "Titled Tuesday Blitz December 13 Early 2022"]
[White "Vokhidov, Shamsiddin"]
[Black "Putnam, Liam"]
[WhiteFideId "14204223"]
[BlackFideId "30938279"]
[WhiteElo "2597"]
[BlackElo "2082"]
[Result "1/2-1/2"]
[Round "06"]
[TimeControl "180+1"]
[Date "2022.12.13"]
[WhiteClock "0:00:09"]
[BlackClock "0:00:03"]

1. e4 c5 2. Nf3 d6 3. d4 cxd4 4. Nxd4 Nf6 5. Nc3 Nc6 6. Bg5 e6 7. Qd3 a6 8. Nxc6 bxc6 9. O-O-O Be7 10. Be2 Rb8 11. Qg3 Qa5 12. Bd2 Qb4 13. b3 O-O 14. Bd3 e5 15. Kb1 Qa3 16. Bc1 Qa5 17. Bc4 Qc5 18. Ka1 Be6 19. Bxe6 fxe6 20. Rhf1 d5 21. Bb2 d4 22. Na4 Qxc2 23. Qxe5 Qxe4 24. Qxd4 Qxg2 25. Rg1 Qf3 26. Rd3 Qf5 27. Rdg3 g6 28. Rg5 Qe4 29. Qc3 Rbd8 30. Re5 Qb4 31. Qh3 Qd6 32. Rxe6 Qd1+ 33. Rxd1 Rxd1+ 34. Bc1 Ba3 35. Rxc6 Bxc1 36. Qe6+ Kg7 37. a3 Bxa3+ 38. Ka2 Bb4 39. Rc7+ Kh8 40. Nb2 Rd2 41. Qe5 Kg8 42. Rc4 a5 43. Qe3 Nd5 44. Qe6+ Kg7 45. Qe5+ Kg8 46. Kb1 Rfxf2 47. Rc8+ Rf8 48. Rxf8+ Kxf8 49. Nc4 Nc3+ 50. Kc1 Na2+ 51. Kb1 Nc3+ 52. Kc1 Na2+ 53. Kb1 Nc3+ 1/2-1/2


[Site "https://www.chess.com"]

[Event "Titled Tuesday Blitz December 13 Early 2022"]
[White "Wagner, Dennis"]
[Black "Royal, Shreyas"]
[WhiteFideId "24650684"]
[BlackFideId "448869"]
[WhiteElo "2470"]
[BlackElo "2331"]
[Result "1/2-1/2"]
[Round "06"]
[TimeControl "180+1"]
[Date "2022.12.14"]
[WhiteClock "0:00:04"]
[BlackClock "0:00:36"]

1. d4 d5 2. c4 e6 3. Nc3 Nf6 4. cxd5 exd5 5. Bg5 Be7 6. e3 O-O 7. Bd3 h6 8. Bf4 c5 9. h3 Nc6 10. Nf3 cxd4 11. exd4 Ne4 12. Nxe4 dxe4 13. Bxe4 Bb4+ 14. Kf1 Re8 15. Bc2 Qf6 16. g3 Be6 17. Qd3 Bd5 18. Qh7+ Kf8 19. Ne5 Nxe5 20. Bxe5 Rxe5 21. dxe5 Qf3 22. Rh2 Bc5 23. Bb3 Be4 24. Qh8+ Ke7 25. Qxg7 Bd4 26. Qf6+ Qxf6 27. exf6+ Kxf6 28. f4 Bd3+ 29. Ke1 Be3 30. Rd1 Ba6 31. Rd7 Rc8 32. Rxf7+ Kg6 33. f5+ Kg5 34. Rc2 Rd8 35. Rg7+ Kxf5 36. g4+ Kf4 37. Rg2 Rc8 38. Rf7+ Kg5 39. Rf5+ Kg6 40. Rc2 Rd8 41. Rc7 Bb6 42. Bf7+ Kg7 43. Bc4+ Bxc7 44. Bxa6 bxa6 45. Ke2 Rb8 46. b3 Rb5 47. Rf3 Rc5 48. Kd3 Be5 49. Ke4 Bf6 50. Rd3 Rc7 51. Kf5 Rc5+ 52. Kf4 Be5+ 53. Ke4 Kf6 54. Rd7 Rc2 55. Rxa7 Rxa2 56. Rh7 Re2+ 57. Kf3 Rb2 58. Rxh6+ Kg5 59. Rxa6 Rxb3+ 60. Ke4 Bh2 61. Ra5+ Kg6 62. h4 Rh3 63. h5+ Kh6 64. Ra6+ Kh7 65. Ra7+ Kh6 66. Ra6+ Kh7 67. Ra7+ Kh6 68. Ra6+ 1/2-1/2


[Site "https://www.chess.com"]

[Event "Titled Tuesday Blitz December 13 Early 2022"]
[White "Walentukiewicz, Michal"]
[Black "Shapiro, Daniel"]
[WhiteFideId "1126903"]
[BlackFideId "2001780"]
[WhiteElo "2028"]
[BlackElo "2365"]
[Result "1-0"]
[Round "06"]
[TimeControl "180+1"]
[Date "2022.12.14"]
[WhiteClock "0:01:43"]
[BlackClock "0:00:04"]

1. g3 Nf6 2. Bg2 d5 3. Nf3 e6 4. O-O Be7 5. c4 c6 6. cxd5 cxd5 7. d3 Nc6 8. Nc3 O-O 9. e4 dxe4 10. dxe4 Qxd1 11. Rxd1 Rd8 12. Bf4 Bd7 13. e5 Ne8 14. Ne4 h6 15. Be3 Nb4 16. Bc5 Bxc5 17. Nxc5 Bc6 18. Nd4 Bxg2 19. Kxg2 Rxd4 20. Rxd4 Nc2 21. Rad1 Nxd4 22. Rxd4 b6 23. Ne4 Rc8 24. Rd7 a5 25. Rb7 f5 26. exf6 Nxf6 27. Nxf6+ gxf6 28. Rxb6 Kf7 29. Rb5 Rc2 30. h4 e5 31. Rb7+ Ke6 32. a4 Kf5 33. Rb5 Kg4 34. b4 e4 35. Kf1 axb4 36. Rxb4 f5 37. Kg2 Ra2 38. a5 Rxa5 39. f3+ Kh5 40. fxe4 fxe4 41. Rxe4 Kg6 42. Rb4 Ra6 43. g4 Rc6 44. Kf3 Rc3+ 45. Kf4 Rc6 46. Rd4 Rb6 47. Ke5 Rb5+ 48. Rd5 Rb6 49. Rd6+ Rxd6 50. Kxd6 Kf6 51. Kd5 Kf7 52. Ke5 Ke7 53. h5 Kf7 54. Kf5 Kg7 55. Ke6 Kg8 56. Kf6 Kh7 57. Kf7 Kh8 58. Kg6 Kg8 59. Kxh6 Kf8 1-0


[Site "https://www.chess.com"]

[Event "Titled Tuesday Blitz December 13 Early 2022"]
[White "Williams, Simon K"]
[Black "Topalov, Aleksandar"]
[WhiteFideId "404454"]
[BlackFideId "925659"]
[WhiteElo "2468"]
[BlackElo "2151"]
[Result "0-1"]
[Round "06"]
[TimeControl "180+1"]
[Date "2022.12.14"]
[WhiteClock "0:00:41"]
[BlackClock "0:00:29"]

1. c4 Nf6 2. Nc3 g6 3. d4 Bg7 4. e4 O-O 5. h4 c5 6. d5 d6 7. h5 Nxh5 8. g4 Nf6 9. g5 Nfd7 10. f4 e6 11. Qd2 Re8 12. Qh2 Nf8 13. Bd3 exd5 14. cxd5 a6 15. a4 c4 16. Bc2 Nbd7 17. Be3 Qa5 18. Ne2 Nc5 19. Kf2 Nd3+ 20. Bxd3 cxd3 21. Nd4 Qb4 22. Nf3 Qxb2+ 23. Bd2 Bxc3 24. Rhb1 Qc2 25. Rc1 Bxa1 26. Rxc2 dxc2 27. f5 gxf5 28. Qxd6 fxe4 29. Ne1 e3+ 30. Bxe3 Rxe3 31. Nxc2 Be5 32. Qb6 Re4 33. Kf3 Bf5 34. Ne3 Bd4 0-1


[Site "https://www.chess.com"]

[Event "Titled Tuesday Blitz December 13 Early 2022"]
[White "Winterberg, Lukas"]
[Black "Munkhgal, Gombosuren"]
[WhiteFideId "24622702"]
[BlackFideId "4901266"]
[WhiteElo "2350"]
[BlackElo "2577"]
[Result "0-1"]
[Round "06"]
[TimeControl "180+1"]
[Date "2022.12.14"]
[WhiteClock "0:00:06"]
[BlackClock "0:00:52"]

1. Nf3 d6 2. d4 Nf6 3. c4 g6 4. Nc3 Bg7 5. e4 O-O 6. Be2 e5 7. O-O exd4 8. Nxd4 Re8 9. f3 c6 10. Be3 d5 11. cxd5 Nxd5 12. Nxd5 cxd5 13. Qb3 Nc6 14. Rad1 a5 15. Kh1 a4 16. Qb5 Ra5 17. Nxc6 Rxb5 18. Nxd8 Rxb2 19. Nxf7 Rxe2 20. Nd6 Rd8 21. Bf4 dxe4 22. Nxe4 Rxd1 23. Rxd1 h6 24. h4 Bf5 25. Rd8+ Kh7 26. Nc5 Rxa2 27. Nxb7 Rb2 28. Nd6 a3 29. Ra8 a2 30. Kh2 Rb4 31. Nxf5 gxf5 32. Bd6 Rd4 33. Rxa2 Rxd6 34. Ra5 Kg6 35. Kh3 Re6 36. Rb5 Bf6 37. Ra5 Re5 38. Ra6 f4 39. g3 fxg3 40. Kxg3 h5 41. Ra8 Rc5 42. Rg8+ Kf7 43. Ra8 Rc4 44. Ra6 Bxh4+ 45. Kh3 Bg5 46. Ra5 Kg6 47. Ra6+ Bf6 48. Re6 Rf4 49. Kg2 h4 50. Re4 Rf5 51. Rg4+ Kh5 52. Re4 Rb5 53. Rg4 Bg5 54. Re4 Rb2+ 55. Kh3 Rf2 56. f4 Bxf4 57. Re5+ Kg6 58. Rb5 Bg3 59. Ra5 Kf6 60. Rb5 Be5 61. Kxh4 Kf5 62. Rb3 Rg2 63. Ra3 Rg8 64. Kh3 Rh8+ 65. Kg2 Rh2+ 66. Kf1 Rb2 67. Rf3+ Ke4 68. Rf2 Rb3 69. Re2+ Kd5 70. Rd2+ Bd4 71. Re2 Be3 72. Kg2 Ke4 73. Ra2 Rb4 74. Rc2 Rb7 75. Rc4+ Bd4 76. Ra4 Rg7+ 77. Kf1 Rg1+ 78. Ke2 Rg2+ 79. Kf1 Rc2 80. Ke1 Kd3 81. Ra3+ Ke4 82. Kd1 Rg2 83. Rh3 Be3 84. Rh7 Kd3 85. Rd7+ Bd4 86. Re7 Rb2 87. Rc7 Rb1+ 88. Rc1 Rb5 89. Rc8 Bf6 90. Ke1 Rb2 91. Kf1 Bd4 92. Rf8 Rc2 93. Rf7 Bc5 94. Rd7+ Ke3 95. Rf7 Bd4 96. Kg1 Be5 97. Kf1 Bf4 98. Re7+ Kf3 99. Re8 Rb2 100. Re7 Rh2 101. Rg7 Rh5 102. Rg8 Bd6 103. Rg6 Be5 104. Rg8 Rh2 105. Rf8+ Bf4 106. Kg1 Ra2 107. Re8 Ra1+ 108. Re1 Rxe1# 0-1


[Site "https://www.chess.com"]

[Event "Titled Tuesday Blitz December 13 Early 2022"]
[White "Xiong, Jeffery"]
[Black "Navara, David"]
[WhiteFideId "2047640"]
[BlackFideId "309095"]
[WhiteElo "2726"]
[BlackElo "2676"]
[Result "1/2-1/2"]
[Round "06"]
[TimeControl "180+1"]
[Date "2022.12.13"]
[WhiteClock "0:00:07"]
[BlackClock "0:00:03"]

1. d4 Nf6 2. c4 e6 3. Nc3 Bb4 4. Nf3 b6 5. Qc2 Bb7 6. a3 Bxc3+ 7. Qxc3 O-O 8. e3 d6 9. Be2 a5 10. b3 Nbd7 11. O-O Qe7 12. Bb2 h6 13. Nd2 c5 14. b4 axb4 15. axb4 Rxa1 16. Rxa1 Ra8 17. Rxa8+ Bxa8 18. Qa3 Qd8 19. f3 Bb7 20. e4 cxd4 21. Bxd4 Qa8 22. Qb2 e5 23. Be3 Nh5 24. Nb1 Nf4 25. Bf1 Ne6 26. Nc3 Bc6 27. Qd2 Qa3 28. Ne2 h5 29. Kf2 Nf6 30. Qxd6 Bxe4 31. Qxb6 Bd3 32. Qb8+ Kh7 33. Qxe5 Bxc4 34. b5 Qb3 35. b6 Nd5 36. Qxh5+ Kg8 37. Qe5 Nxe3 38. Qxe3 Qb2 39. Kg1 Qb1 40. Ng3 Nf8 41. Qd4 Bxf1 42. Nxf1 Ne6 43. Qe3 g6 44. h4 Qb5 45. Ng3 Nc5 46. Ne4 Nd7 47. Nf2 Nxb6 48. Ng4 Nd5 49. Qe5 Qc5+ 50. Kf1 Qc1+ 51. Kf2 Qc5+ 52. Ne3 Nb4 53. Qe4 f5 54. Qe8+ Kg7 55. Qd7+ Kh6 56. Ke2 Nc2 57. Qd2 Nd4+ 58. Kd3 Kh7 59. Qb2 Nb5 60. h5 gxh5 61. Qf6 Qd6+ 62. Qxd6 Nxd6 63. Kd4 Kg6 64. Ke5 Nf7+ 65. Kf4 Nd6 66. Nd5 h4 67. Ke5 Nf7+ 68. Kf4 Nd6 69. Nb6 Kf6 70. Nd7+ Kg6 71. Ne5+ Kf6 72. Nd7+ Kg6 73. Nb6 Kf6 74. Nd5+ Kg6 1/2-1/2


[Site "https://www.chess.com"]

[Event "Titled Tuesday Blitz December 13 Early 2022"]
[White "Xu, Yi"]
[Black "Seo, Jung Min"]
[WhiteFideId "8605564"]
[BlackFideId "1734687"]
[WhiteElo "2471"]
[BlackElo "2457"]
[Result "1-0"]
[Round "06"]
[TimeControl "180+1"]
[Date "2022.12.13"]
[WhiteClock "0:00:13"]
[BlackClock "0:00:39"]

1. e4 e5 2. Nf3 Nc6 3. Bc4 Nf6 4. d3 Bc5 5. O-O O-O 6. c3 d6 7. Nbd2 a5 8. h3 Ba7 9. Re1 Re8 10. Nf1 Be6 11. Bb5 Bd7 12. Ba4 Ne7 13. Bc2 Ng6 14. d4 Bc6 15. Ng3 b5 16. a4 b4 17. Be3 bxc3 18. bxc3 exd4 19. Nxd4 Bd7 20. Rb1 Bc5 21. Ndf5 Bxe3 22. Rxe3 Ne7 23. Nd4 Nc6 24. Bb3 Nxd4 25. cxd4 Be6 26. Bxe6 Rxe6 27. d5 Re8 28. Qd3 g6 29. Rbe1 Nd7 30. Ne2 Nc5 31. Qc4 Qd7 32. Nc3 Na6 33. Nb5 Re7 34. e5 dxe5 35. Rxe5 Rxe5 36. Rxe5 Re8 37. Rxe8+ Qxe8 38. Kh2 Qe7 39. Qc6 Qe5+ 40. g3 Nb4 41. Qxc7 Qxd5 42. Qxa5 Qc5 43. Qd8+ Kg7 44. Qd4+ Qxd4 45. Nxd4 Kf6 46. f4 Ke7 47. Kg2 Kd6 48. Kf3 Kd5 49. Nb5 Nc6 50. Kg4 f6 51. Kf3 f5 52. Ke3 Kc4 53. Nd6+ Kb4 54. Ne8 Kxa4 55. Nf6 h5 56. Nh7 Kb3 57. Nf8 Ne7 58. Kd4 Kc2 59. Ke5 Kd3 60. Kf6 Nd5+ 61. Kxg6 Ke2 62. Kxh5 Kf3 63. Kh4 Ne3 64. Ng6 Ng2+ 65. Kg5 Kxg3 66. h4 Ne1 67. h5 Nf3+ 68. Kxf5 Nd4+ 69. Kg5 Ne6+ 70. Kf6 Nd8 71. h6 1-0


[Site "https://www.chess.com"]

[Event "Titled Tuesday Blitz December 13 Early 2022"]
[White "Yedidia, Daniel"]
[Black "Agasarov, Benik"]
[WhiteFideId "30905907"]
[BlackFideId "13314823"]
[WhiteElo "2556"]
[BlackElo "2179"]
[Result "0-1"]
[Round "06"]
[TimeControl "180+1"]
[Date "2022.12.14"]
[WhiteClock "0:00:04"]
[BlackClock "0:00:07"]

1. d4 Nf6 2. c4 g6 3. Nc3 Bg7 4. e4 d6 5. Nf3 O-O 6. Be2 e5 7. Be3 Nbd7 8. O-O Qe7 9. d5 c5 10. dxc6 bxc6 11. Ne1 Bb7 12. b4 Rfd8 13. Qc2 d5 14. cxd5 cxd5 15. Nxd5 Nxd5 16. exd5 Bxd5 17. Rd1 Nb6 18. Bc5 Qb7 19. Bf3 e4 20. Be2 Be6 21. Rxd8+ Rxd8 22. a3 Nd5 23. Qxe4 Qc7 24. Bf3 Nc3 25. Qh4 Re8 26. Nc2 a5 27. Nd4 Bc4 28. Rc1 axb4 29. axb4 Bd5 30. Bxd5 Bxd4 31. Bf3 Bxc5 32. bxc5 Qxc5 33. Rf1 Qb5 34. h3 Qd3 35. Ra1 Qd2 36. Ra8 Ne2+ 37. Kh2 Rxa8 38. Bxa8 Qd1 0-1


[Site "https://www.chess.com"]

[Event "Titled Tuesday Blitz December 13 Early 2022"]
[White "Yuan, Qingyu"]
[Black "Maksimenko, Viktor"]
[WhiteFideId "8609772"]
[BlackFideId "13710478"]
[WhiteElo "2359"]
[BlackElo "2277"]
[Result "1-0"]
[Round "06"]
[TimeControl "180+1"]
[Date "2022.12.14"]
[WhiteClock "0:00:23"]
[BlackClock "0:00:36"]

1. e4 e5 2. Nf3 Nc6 3. Bb5 a6 4. Ba4 Nf6 5. O-O b5 6. Bb3 Bc5 7. a4 Rb8 8. c3 d6 9. d4 Bb6 10. a5 Ba7 11. h3 Bb7 12. Be3 Nxe4 13. d5 Bxe3 14. dxc6 Nxf2 15. Qd5 Ne4+ 16. Kh2 Bf4+ 17. g3 O-O 18. Qxe4 Bxg3+ 19. Kxg3 Bc8 20. Nbd2 Kh8 21. Kh2 f5 22. Qe2 Qe8 23. Bd5 e4 24. Rae1 h6 25. Nxe4 fxe4 26. Qxe4 Qh5 27. Nh4 Rxf1 28. Rxf1 Bxh3 29. Ng6+ Qxg6 30. Qxg6 Bxf1 31. Be4 1-0


[Site "https://www.chess.com"]

[Event "Titled Tuesday Blitz December 13 Early 2022"]
[White "Yurasova, Daria"]
[Black "Barria Zuniga, Daniel"]
[WhiteFideId "34146919"]
[BlackFideId "3400816"]
[WhiteElo "2098"]
[BlackElo "2414"]
[Result "0-1"]
[Round "06"]
[TimeControl "180+1"]
[Date "2022.12.14"]
[WhiteClock "0:00:08"]
[BlackClock "0:00:03"]

1. d4 g6 2. c4 Bg7 3. f3 c5 4. d5 d6 5. e4 Nf6 6. Bd3 O-O 7. Ne2 e6 8. O-O exd5 9. cxd5 a6 10. a4 Nbd7 11. Be3 Ne5 12. Bf2 Bd7 13. Nbc3 Re8 14. Bc2 b5 15. b3 b4 16. Nb1 c4 17. Nd2 cxb3 18. Bxb3 Rc8 19. Be3 Qa5 20. Nf4 Rc7 21. Qe2 Rec8 22. Bd1 Rc3 23. Qf2 Qc7 24. Be2 a5 25. Kh1 Qb8 26. Ba6 Re8 27. Bd4 Rc2 28. Qe3 Bh6 29. g3 Nh5 30. Nb3 Rc7 31. Rfc1 Rxc1+ 32. Rxc1 Bxa4 33. Nxa5 b3 34. Rb1 Qb4 35. Bc3 Qa3 36. Nc6 Bxc6 37. dxc6 Qxa6 38. c7 Qc4 39. Bxe5 dxe5 40. Rc1 exf4 41. Rxc4 fxe3 42. c8=Q Rxc8 43. Rxc8+ Kg7 44. Kg2 e2 45. Kf2 Be3+ 46. Kxe2 Bg1 47. Rb8 Bxh2 48. g4 Bxb8 49. gxh5 gxh5 0-1


[Site "https://www.chess.com"]

[Event "Titled Tuesday Blitz December 13 Early 2022"]
[White "Zaichenko, Daria"]
[Black "Stanisz, Patryk"]
[WhiteFideId "4197453"]
[BlackFideId "1123106"]
[WhiteElo "2039"]
[BlackElo "2069"]
[Result "0-1"]
[Round "06"]
[TimeControl "180+1"]
[Date "2022.12.14"]
[WhiteClock "0:00:51"]
[BlackClock "0:00:26"]

1. e4 c5 2. Nf3 Nc6 3. d4 cxd4 4. Nxd4 Nf6 5. Nc3 e5 6. Ndb5 d6 7. Bg5 a6 8. Na3 b5 9. Nd5 Qa5+ 10. Bd2 Qd8 11. Bg5 Be7 12. Bxf6 Bxf6 13. c3 O-O 14. Be2 Rb8 15. Nc2 Bg5 16. O-O Ne7 17. Nce3 g6 18. Nxe7+ Qxe7 19. Nd5 Qa7 20. Kh1 f5 21. f4 exf4 22. Nxf4 Qc5 23. b4 Qe5 24. Nd5 fxe4 25. Rxf8+ Kxf8 26. Qf1+ Kg7 27. Rd1 Be6 28. c4 Rf8 29. Qg1 e3 30. Bf3 bxc4 31. h4 Bh6 32. Qh2 Rxf3 33. Qxe5+ dxe5 34. gxf3 e2 35. Re1 Bxd5 36. Kg2 c3 37. Rxe2 Bd2 38. a4 c2 39. Rxd2 c1=Q 40. Rxd5 Qb2+ 41. Kg3 Qxb4 42. Rd7+ Kh6 43. h5 Qxa4 44. Re7 Qf4+ 45. Kg2 Qg5+ 46. Kf2 Qxe7 0-1


[Site "https://www.chess.com"]

[Event "Titled Tuesday Blitz December 13 Early 2022"]
[White "Zhalmakhanov, Ramazan"]
[Black "Morefield, Jason"]
[WhiteFideId "13706357"]
[BlackFideId "30920825"]
[WhiteElo "2432"]
[BlackElo "2171"]
[Result "1-0"]
[Round "06"]
[TimeControl "180+1"]
[Date "2022.12.13"]
[WhiteClock "0:00:44"]
[BlackClock "0:00:02"]

1. d4 Nf6 2. Nc3 d5 3. Bf4 c5 4. e3 cxd4 5. exd4 a6 6. Nf3 Nc6 7. Ne5 Qb6 8. Nxc6 Qxc6 9. Bd3 Bg4 10. Qd2 e6 11. O-O Bb4 12. Be5 Bh5 13. Qg5 Bg6 14. Bxf6 gxf6 15. Qxf6 O-O 16. Ne2 Ba5 17. Qf3 Rac8 18. c3 b5 19. a3 Bc7 20. g3 Qb6 21. h4 a5 22. b4 axb4 23. axb4 Qb7 24. Bxg6 hxg6 25. h5 Kg7 26. hxg6 fxg6 27. Qe3 Qc6 28. Ra7 Ra8 29. Rfa1 Rxa7 30. Rxa7 Rf7 31. Kg2 e5 32. f3 exd4 33. Nxd4 Qd6 34. Ne6+ Kf6 35. Nxc7 Rxc7 36. Qd4+ Ke6 37. Ra8 Rc4 38. Qg7 Kf5 39. Rf8+ Kg5 40. f4+ Kg4 41. Rf6 Rxc3 42. Qxg6# 1-0


[Site "https://www.chess.com"]

[Event "Titled Tuesday Blitz December 13 Early 2022"]
[White "Zhigalko, Sergei"]
[Black "Araujo Sanchez, Josue"]
[WhiteFideId "13502956"]
[BlackFideId "6416896"]
[WhiteElo "2662"]
[BlackElo "2370"]
[Result "0-1"]
[Round "06"]
[TimeControl "180+1"]
[Date "2022.12.13"]
[WhiteClock "0:00:03"]
[BlackClock "0:00:01"]

1. e4 c5 2. Nf3 d6 3. d4 cxd4 4. Qxd4 a6 5. Bc4 Nc6 6. Qd3 Bg4 7. Nc3 Nf6 8. Bb3 e6 9. Nd4 Nxd4 10. Qxd4 Bh5 11. f3 Bg6 12. Be3 Be7 13. O-O-O O-O 14. g4 Nd7 15. h4 h5 16. gxh5 Bxh5 17. Rhg1 g6 18. Bh6 Nf6 19. Qe3 Qa5 20. Rg5 Qc7 21. Rdg1 Kh7 22. Bxf8 Bxf8 23. f4 Bh6 24. Kb1 b5 25. f5 Bxg5 26. hxg5 Ng4 27. Qh3 b4 28. Ne2 Nf2 29. Qh4 Qc5 30. Rg2 Nd1 31. Nf4 Qe5 32. Nxh5 Qxb2# 0-1


[Site "https://www.chess.com"]